 Dungeon Crawl Stone Soup version 0.21.1-1-g345015fe64 (webtiles) character file.

2865 Brecoman the Carver (level 9, -3/82 HPs)
             Began as a Minotaur Gladiator on June 14, 2018.
             Was an Initiate of Okawaru.
             Slain by a five-headed hydra (7 damage)
             ... on level 8 of the Dungeon.
             The game lasted 01:15:57 (6335 turns).

Brecoman the Carver (Minotaur Gladiator)            Turns: 6335, Time: 01:15:57

Health: -3/82      AC:  9    Str: 22    XL:     9   Next: 47%
Magic:  8/8        EV: 22    Int:  5    God:    Okawaru [......]
Gold:   315        SH:  0    Dex: 12    Spells: 7/8 levels left

rFire    . . .     SeeInvis .   a - +0 long sword {w1}
rCold    . . .     Gourm    .   (no shield)
rNeg     . . .     Faith    .   b - +1 leather armour
rPois    .         Spirit   .   P - +1 hat
rElec    .         Reflect  .   (no cloak)
rCorr    .         Harm     .   i - +2 pair of gloves
MR       .....                  l - +0 pair of boots
Stlth    +.........             (no amulet)
HPRegen  0.23/turn              w - +3 ring of evasion
MPRegen  0.11/turn              e - +3 ring of evasion

@: about to teleport
A: retaliatory headbutt, horns 2
a: Renounce Religion


You were on level 8 of the Dungeon.
You worshipped Okawaru.
Okawaru was noncommittal.
You were not hungry.

You visited 2 branches of the dungeon, and saw 9 of its levels.

You collected 315 gold pieces.

Inventory:

Hand Weapons
 a - a +0 long sword (weapon) {w1}
 K - a +0 hand crossbow
Missiles
 d - a throwing net (quivered)
 m - 18 bolts
 s - 32 sling bullets
 t - 9 tomahawks {1}
 x - 81 stones
 G - 57 arrows
Armour
 b - a +1 leather armour (worn)
 c - a +0 hat
 h - a +0 centaur barding
 i - a +2 pair of gloves (worn)
 l - a +0 pair of boots (worn)
 I - a +0 helmet
 J - a +0 plate armour
 P - a +1 hat (worn)
Jewellery
 e - a +3 ring of evasion (right hand)
 w - a +3 ring of evasion (left hand)
Wands
 p - a wand of digging (24)
 L - a wand of flame (17)
 N - a wand of paralysis (7)
Scrolls
 g - 2 scrolls of teleportation
 k - 2 scrolls of remove curse
 v - 5 scrolls of identify
Potions
 j - 3 potions of degeneration {unknown}
 n - a potion of brilliance {unknown}
 o - 2 potions of curing {unknown}
 q - 2 potions of lignification {unknown}
 u - a potion of mutation {unknown}
 z - a potion of cancellation {unknown}
 A - a potion of ambrosia {unknown}
 C - a potion of haste {unknown}
 E - a potion of flight {unknown}
 M - a potion of might {unknown}
Books
 r - a book of Conjurations

   Spells                             Type                      Level
   a - Magic Dart                     Conjuration                  1
   b - Searing Ray                    Conjuration                  2
   c - Dazzling Spray                 Conjuration/Hexes            3
   d - Fulminant Prism                Conjuration/Hexes            4
   e - Force Lance                    Conjuration/Translocation    4
   f - Iskenderun's Mystic Blast      Conjuration                  4
Comestibles
 f - 10 rations


   Skills:
 + Level 8.7 Fighting
 + Level 9.3 Long Blades
 - Level 3.0 Crossbows
 - Level 4.0 Throwing
 - Level 0.1 Armour
 + Level 8.4 Dodging


You had 7 spell levels left.
You knew the following spells:

 Your Spells              Type           Power        Failure   Level  Hunger
a - Magic Dart            Conj           #...         52%         1    ##.....


Dungeon Overview and Level Annotations

Branches:
Dungeon (8/15)             Temple (1/1) D:7
   Lair: D:8-11

Altars:
Cheibriados
Elyvilon
Gozag
Kikubaaqudgha
Makhleb
Nemelex Xobeh
Okawaru
Qazlal
Ru
Uskayaw
Vehumet
Wu Jian
Yredelemnul
Zin

Shops:
D:6 =


Innate Abilities, Weirdness & Mutations

You reflexively headbutt those who attack you in melee.
You have a pair of horns on your head.


Message History

The five-headed hydra closely misses you.
The five-headed hydra bites you.
* * * LOW HITPOINT WARNING * * *
The five-headed hydra misses you.
The five-headed hydra completely misses you.
Press: ? - help, v - describe, . - travel
Here: a purple ugly thing The floor.
Press: ? - help, v - describe, . - travel
Here: a five-headed hydra (lightly wounded)
The floor.
Something hits you but does no damage. Something hits you!
* * * LOW HITPOINT WARNING * * *
As you read the scroll of teleportation, it crumbles to dust.
You feel strangely unstable.
The purple ugly thing closely misses you.
You furiously retaliate!
You headbutt the purple ugly thing! The five-headed hydra bites you!
You die...

#.# ## #..#####...# .........
........#...#
#.#..#.###.......##...#
#........... ....#...#
###.##....... #. #.....#
.............. #....#
#..#...####.####†...###########
#<.#...........DT..............
#.......##....@u.Z.###.TZuT....
#...)......###.###..#..###.###.
#...#.....##..## ##...##..#u.#
#...#....##.### ##.##..#.#..#
#...#...##(### ###..##T #..
#...#...##.##.#### #..# h. #.
#.......###.#.#..## #.# .)o #
....###....##.##.##.##.# ..ZD
.... #...#.##..#.#.### ##.[}


You could see a five-headed hydra, a purple ugly thing, a troll and an adder
zombie.

Vanquished Creatures
  A hippogriff (D:7)
  A spriggan (D:7)
  2 ice beasts
  An orc warrior (D:7)
  A phantom (D:5)
  2 sky beasts
  An ogre (D:4)
  A centaur (D:5)
  A wyvern zombie (D:6)
  A scorpion (D:7)
  2 bullfrog zombies
  3 quasits
  3 crimson imps
  A centaur zombie (D:4)
  3 jellies
  4 hounds
  A centaur skeleton (D:4)
  6 orc wizards
  A bullfrog skeleton (D:4)
  An iguana (D:8)
  Ijyb (D:3)
  3 worker ants
  The ghost of Sapher the Grave Robber, a weakling GnNe (D:3)
  A hound skeleton (D:4)
  2 worker ant zombies (D:4)
  5 adders
  5 gnolls
  A shadow imp (D:6)
  2 oozes
  3 adder zombies
  A worm (D:3)
  A leopard gecko (D:8)
  13 orcs
  4 giant cockroaches
  6 goblins
  8 hobgoblins
  9 jackals
  5 kobolds
  A quokka (D:6)
  3 ball pythons
  6 bats
  2 frilled lizards
  A jackal skeleton (D:4)
  A leopard gecko skeleton (D:4)
  A leopard gecko zombie (D:4)
  A quokka zombie (D:4)
  6 rats
  A withered plant (D:4)
131 creatures vanquished.

Vanquished Creatures (collateral kills)
  Grinder (D:4)
  2 ogres (D:4)
  A centaur (D:7)
  A bullfrog (D:7)
  A crimson imp (D:7)
  A centaur zombie (D:4)
  A bullfrog zombie (D:4)
  A gnoll shaman (D:7)
  A centaur skeleton (D:4)
  A hound skeleton (D:4)
  A gnoll (D:7)
  An adder (D:4)
  5 orcs (D:4)
  A jackal (D:4)
19 creatures vanquished.

Vanquished Creatures (others)
  An ice beast (D:7)
  A bullfrog (D:7)
  A hound (D:7)
  A gnoll (D:7)
  An orc (D:7)
5 creatures vanquished.

Grand Total: 155 creatures vanquished

Notes
Turn   | Place    | Note
-------+----------+-------------------------------------------
     0 | D:1      | Brecoman the Minotaur Gladiator began the quest for the Orb.
     0 | D:1      | Reached XP level 1. HP: 18/18 MP: 0/0
   173 | D:1      | Reached XP level 2. HP: 18/25 MP: 1/1
   176 | D:1      | Reached skill level 4 in Long Blades
   681 | D:1      | Reached XP level 3. HP: 24/30 MP: 2/2
  1392 | D:3      | Reached XP level 4. HP: 38/38 MP: 3/3
  1454 | D:3      | Noticed Ijyb
  1462 | D:3      | Killed Ijyb
  1828 | D:3      | Reached skill level 5 in Long Blades
  1874 | D:3      | Noticed Sapher's ghost (weakling GnNe)
  1889 | D:3      | Killed Sapher's ghost
  1889 | D:3      | Reached XP level 5. HP: 22/45 MP: 4/4
  1927 | D:3      | Found a sparkling altar of Nemelex Xobeh.
  1969 | D:3      | Became a worshipper of Nemelex Xobeh the Trickster
  2262 | D:3      | Received a gift from Nemelex Xobeh
  2370 | D:4      | Noticed Grinder
  2371 | D:4      | Noticed an ogre
  2375 | D:4      | Reached XP level 6. HP: 49/52 MP: 5/5
  2383 | D:4      | Reached skill level 5 in Dodging
  2391 | D:4      | Killed Grinder
  2391 | D:4      | Reached skill level 6 in Long Blades
  2391 | D:4      | Reached XP level 7. HP: 36/60 MP: 6/6
  2404 | D:4      | Reached skill level 5 in Fighting
  3038 | D:5      | Entered Level 5 of the Dungeon
  3085 | D:5      | Found a stormy altar of Qazlal.
  3166 | D:5      | Reached * piety under Nemelex Xobeh
  3310 | D:5      | Received a gift from Nemelex Xobeh
  3395 | D:5      | Reached skill level 7 in Long Blades
  3395 | D:5      | Reached XP level 8. HP: 55/70 MP: 7/7
  3814 | D:5      | Received a gift from Nemelex Xobeh
  4344 | D:6      | Found a sacrificial altar of Ru.
  4552 | D:6      | Reached skill level 1 in Crossbows
  4581 | D:6      | Reached skill level 8 in Long Blades
  4620 | D:6      | Reached ** piety under Nemelex Xobeh
  4658 | D:6      | Found Bophan's Jewellery Emporium.
  4718 | D:6      | Found an ornate altar of the Wu Jian Council.
  4753 | D:6      | Received a gift from Nemelex Xobeh
  4880 | D:7      | Noticed a hippogriff
  4889 | D:7      | Killed a hippogriff
  4906 | D:7      | Reached XP level 9. HP: 69/80 MP: 8/8
  4930 | D:7      | Reached skill level 9 in Long Blades
  5274 | D:7      | Received a gift from Nemelex Xobeh
  5378 | D:7      | Learned a level 1 spell: Magic Dart
  5576 | D:7      | Found a staircase to the Ecumenical Temple.
  5712 | Temple   | Entered the Ecumenical Temple
  5755 | Temple   | Fell from the grace of Nemelex Xobeh
  5755 | Temple   | Became a worshipper of Warmaster Okawaru
  6278 | D:8      | Paralysed by fainting for 5 turns
  6305 | D:8      | Noticed a troll
  6305 | D:8      | Noticed a five-headed hydra
  6305 | D:8      | Noticed a purple ugly thing
  6334 | D:8      | HP: 4/82 [something (8)]
  6335 | D:8      | Slain by a five-headed hydra

Skill      XL: |  1  2  3  4  5  6  7  8  9 |
---------------+----------------------------+-----
Long Blades    | 4 5 6 7 8 9 |  9.3
Fighting       | 3 4 6 7 8 |  8.7
Dodging        | 4 5 6 7 8 |  8.4
Throwing       | 3 4 |  4.0
Crossbows      | 2 3 |  3.0
Armour         | |  0.1

Action                   |  1- 3 |  4- 6 |  7- 9 || total
-------------------------+-------+-------+-------++-------
Melee: Long sword        |    51 |    66 |   257 ||   374
       Headbutt          |     7 |    15 |    76 ||    98
 Fire: Hand crossbow     |       |       |     4 ||     4
Throw: Throwing net      |       |     4 |     1 ||     5
Evoke: Deck              |       |     3 |     4 ||     7
  Use: Scroll            |     3 |       |     6 ||     9
 Stab: Held in net/web   |       |     1 |       ||     1
       Paralysed         |       |       |     1 ||     1
  Eat: Ration            |       |     2 |     4 ||     6
Armor: Leather armour    |    14 |    28 |    44 ||    86
Dodge: Dodged            |    45 |    53 |   274 ||   372
       Rpst.: Long sword |    14 |    16 |    55 ||    85
